 Dungeon Crawl Stone Soup version 0.29.1-1-gd02db6906a (webtiles) character file.

Game seed: 10337332918515718354

40 xian the Sneak (level 3, -5/31 HPs)
             Began as a Ghoul Delver on Oct 16, 2022.
             Killed by divine providence
             ... invoked by an orc priest
              (7 damage)
             ... on level 5 of the Dungeon.
             The game lasted 00:01:47 (569 turns).

xian the Sneak (Ghoul Delver)                        Turns: 569, Time: 00:01:47

Health: -5/31      AC:  3    Str: 17    XL:     3   Next: 50%
Magic:  2/2        EV: 11    Int:  5    God:
Gold:   16         SH:  0    Dex: 10    Spells: 2/2 levels left

rFire   . . .      SeeInvis .     - Unarmed
rCold   + . .      Faith    .   (no shield)
rNeg    + + +      Spirit   .   a - +0 leather armour
rPois   ∞          Reflect  .   (no helmet)
rElec   .          Harm     .   (no cloak)
rCorr   .          Rampage  .   (no gloves)
Will    .....                   (no boots)
Stlth   +++.......              (no amulet)
HPRegen 0.00/turn               (no ring)
MPRegen 0.08/turn               (no ring)

@: inhibited regen, hasted, very quick
A: claws 1, cold resistance 1, negative energy resistance 3, inhibited
regeneration, torment resistance 2, devour on kill
a: no special abilities


You were on level 5 of the Dungeon.
You visited 1 branch of the dungeon, and saw 1 of its levels.

You collected 16 gold pieces.

Inventory:

Hand Weapons
 g - a +1 vorpal sling
Armour
 a - a +0 leather armour (worn)
 h - a +0 chain mail
Wands
 f - a wand of digging (3)
Scrolls
 c - a scroll of magic mapping
 d - 3 scrolls of teleportation {unknown}


   Skills:
 + Level 3.6 Fighting
 + Level 0.5 Armour
 + Level 1.8 Dodging
 + Level 6.2 Stealth
 + Level 2.5 Unarmed Combat


You had 2 spell levels left.
You didn't know any spells.
Your spell library was empty.

Dungeon Overview and Level Annotations

Branches:
Dungeon (5/15)
 Temple: D:4-7

Altars:


Innate Abilities, Weirdness & Mutations

You are immune to poison.
You have sharp fingernails.
Your flesh is cold resistant. (rC+)
You are immune to negative energy. (rN+++)
You do not regenerate when monsters are visible.
You are immune to unholy pain and torment.
You thrive by killing the living.


Message History

There are no items here.
Unknown command.
An adder comes into view.
You see here a +0 chain mail.
h - a +0 chain mail An orc comes into view.
It is wielding a +0 hand axe.
An orc priest comes into view. It is wielding a +0 mace.
An orc comes into view. It is wielding a +0 dagger.
Found a ring mail.
The orc shouts!
The adder hisses angrily.
The orc shouts!
The orc priest shouts!
The orc shouts! x2
Okay, then.
As you read the scroll of fear, it crumbles to dust.
You assume a fearsome visage.
The orc priest looks frightened!
The orc looks frightened! x4; The adder looks frightened!
The orc looks frightened!
Unknown command.
Found 16 gold pieces.
Found a quarterstaff.
You see here 3 scrolls labelled TUARPH VIBUSCH.
You see here 3 scrolls labelled TUARPH VIBUSCH.
d - 3 scrolls labelled TUARPH VIBUSCH An adder comes into view.
You see here 16 gold pieces.
You now have 16 gold pieces.
You see here a +0 quarterstaff.
Unknown command.
As you read the scroll of fog, it crumbles to dust.
The scroll dissolves into smoke.
The orc hits you but does no damage.
The orc priest attacks as you move away!
The orc priest barely misses you.
The orc priest invokes the aid of Beogh against you.
Beogh smites you!
* * * LOW HITPOINT WARNING * * *
An orc comes into view. It is wielding a +0 hand axe.
Okay, then.
You feel yourself speed up.
The orc seems to regain its courage.
The orc priest invokes the aid of Beogh against you.
Beogh smites you!
You die...

..#.. #.. ...#...###
#..............o....#
#...#...#...#...###.#
#...............###.#####
#.#...#...#...#.........#
#..§..oS................#
#...#..o#...#...........#
#)§§§§§§.§.......o.##'###
#.#§§§#o@§#...#....##)###
##§§§§§§o..........##...#
####§o#§..........####..
##§§...........# ##.
############### ##


You could see an orc priest, an adder and 5 orcs.

Vanquished Creatures
  A hound (D:5)
  An adder (D:5)
  An orc (D:5)
3 creatures vanquished.

Notes
Turn   | Place    | Note
-------+----------+-------------------------------------------
     0 | D:5      | xian the Ghoul Delver began the quest for the Orb.
     0 | D:5      | Reached XP level 1. HP: 19/19 MP: 0/0
    13 | D:5      | Noticed a scorpion
    48 | D:5      | Reached XP level 2. HP: 5/26 MP: 1/1
   529 | D:5      | Reached skill level 6 in Stealth
   529 | D:5      | Reached XP level 3. HP: 13/31 MP: 2/2
   569 | D:5      | Killed from afar by an orc priest

Illustrated notes

Levels and vault maps discovered:
D:5:      layout_basic, kennysheep_crisscross, kennysheep_another_room

Skill      XL: |  1  2 |
---------------+-------+-----
Stealth        | 6 |  6.2
Fighting       | |  3.6
Armour         | |  0.5
Dodging        | |  1.8
Unarmed Combat | |  2.5

Action                   || total
-------------------------++-------
Melee: Unarmed           ||    29
  Use: Scroll            ||     2
       Potion            ||     1
Armor: Leather armour    ||     6
Dodge: Dodged            ||    11
